Cogmind - Beta 16 @@@ ROGUE MODE // 2025.12.07 @ 17:28:29 Player: Mozco Result: Destroyed by S-10 Pest with Light Assault Rifle Performance ------------- Evolutions (0) 0 Regions Visited (1) 200 Robots Destroyed (23) 115 Value Destroyed (493) 493 Prototype IDs (0) 0 Alien Tech Used (0) 0 Bonus (0) 0 TOTAL SCORE: 808 Bonus ------- None Cogmind --------- Core Integrity 0/250 Matter 290/300 Energy 250/250 System Corruption 0% Temperature Cool (0) Movement Treading (480) Ox4 Location -10/Materials Parts ------- > --- POWER (1) -------- Ion Engine > --- PROPULSION (2) --- Light Treads > --- UTILITY (2) ------ Huge Storage Unit Propulsion Shielding > --- WEAPON (2) ------- Medium Laser Medium Laser > --- INVENTORY (25) --- Ion Engine Light Ion Engine Heat Sink Heat Sink Small Storage Unit Large Storage Unit Propulsion Shielding Datajack Peak State ------------ > --- POWER ------------ Ion Engine > --- PROPULSION ------- Light Treads Light Treads > --- UTILITY ---------- Small Storage Unit Large Storage Unit > --- WEAPON ----------- EM Pulse Gun Medium Laser > --- INVENTORY -------- Light Ion Engine Medium Laser [Rating: 7] Favorites ----------- Power Ion Engine Engine Ion Engine Propulsion Light Treads Treads Light Treads Utility Large Storage Unit Storage Large Storage Unit Protection Propulsion Shielding Weapon Medium Laser Energy Gun Medium Laser Build | -11 -10 ------- Run | Yrd Mat Slots Evolved . | . . Power . | . . Propulsion . | . . Utility . | . . Weapon . | . . Parts Attached 11 | 6 5 Power 1 | 1 . Engine 1 | 1 . Core . | . . Reactor . | . . Propulsion 3 | 2 1 Treads 3 | 2 1 Leg . | . . Wheel . | . . Hover . | . . Flight . | . . Utility 4 | 1 3 Device . | . . Storage 3 | 1 2 Processor . | . . Hackware . | . . Protection 1 | . 1 Artifact . | . . Weapon 3 | 2 1 Energy Gun 3 | 2 1 Energy Cannon . | . . Ballistic Gun . | . . Ballistic Cannon . | . . Launcher . | . . Special Weapon . | . . Impact Weapon . | . . Slashing Weapon . | . . Piercing Weapon . | . . Special Melee Weapon . | . . Unidentified Prototypes . | . . Parts Lost 3 | . 3 Power . | . . Propulsion 2 | . 2 Utility . | . . Weapon 1 | . 1 Highest Loss Streak 2 | . 2 To Critical Strikes . | . . Average Backups 4 | . 5 Power 1 | . 1 Propulsion . | . . Utility 2 | . 2 Weapon . | . . Tool/Special . | . . Unused Backups 6 | . 6 Power 2 | . 2 Propulsion . | . . Utility 3 | . 3 Weapon . | . . Tool/Special 1 | . 1 Average Slot Usage (%) 97 | . 97 Engine 14 | . 14 Treads 26 | . 26 Storage 22 | . 22 Protection 3 | . 3 Energy Gun 27 | . 27 Peak Build Rating 7 | 6 7 Average Rating 6 | 4 6 On Entrance 3 | . 6 Avg Prop Armor Cover (%) . | . . Naked Turns . | . . Heaviest Build 109 | 14 109 Greatest Support 40 | 40 40 Greatest Overweight (x) 29 | . 29 Average Overweight (x) . | . . Largest Inventory Capacity 25 | 8 25 Average Capacity 18 | 6 19 Most Carried 9 | 2 9 Average Carried 4 | . 5 Final Capacity 25 | 8 25 Final Carried 8 | 2 8 Class Distribution -------------------- 100% | Mutant Dominant Class ---------------- Mutant | -10/Materials Resources | -11 -10 ----------- Run | Yrd Mat Matter Collected 292 | 206 86 Remotely . | . . Salvage Created 715 | . 715 Parts 50 | . 50 Haulers Intercepted 2 | . 2 Recyclers Shooed 1 | . 1 Parts Field Recycled . | . . Retrieved Matter . | . . Parts Self-Destructed . | . . Prevented . | . . Parts Restored . | . . Kills | -11 -10 ------- Run | Yrd Mat Combat Hostiles Destroyed 16 | . 16 Guns 16 | . 16 Classes Destroyed 6 | . 6 Worker 1 | . 1 Builder 2 | . 2 Hauler 2 | . 2 Watcher 2 | . 2 Swarmer 6 | . 6 Grunt 10 | . 10 Best Kill Streak 5 | . 5 Combat Bots Only 3 | . 3 Max Kills in Single Turn 1 | . 1 Gunslinging . | . . Exploded . | . . Melee . | . . Uniques/NPCs Destroyed . | . . Combat | -11 -10 -------- Run | Yrd Mat Hostile Shots Fired 91 | . 91 Missed 25 | . 25 Hits 66 | . 66 Projectile 66 | . 66 Critical Strikes 1 | . 1 Damage Taken 787 | . 787 Core 255 | . 255 Absorbed by Shields . | . . Redirected to Shielding 32 | . 32 Core Remaining (%) 100 | 100 . Volleys Fired 57 | . 57 Largest 2 | . 2 Hottest 100 | . 100 Shots Fired 112 | . 112 Gun 112 | . 112 Cannon . | . . Launcher . | . . Special . | . . Kinetic . | . . Thermal 68 | . 68 Explosive . | . . Electromagnetic 44 | . 44 Robot Hit Streak 8 | . 8 Robot Miss Streak 3 | . 3 Penetration Max . | . . Secondary Targets 3 | . 3 Max Gunslinging Chain 1 | . 1 Shots Hit Robots 66 | . 66 Core Hits 33 | . 33 Critical Kills . | . . Critical Parts Destroyed . | . . Critical Strikes 8 | . 8 Burn 7 | . 7 Corrupt 1 | . 1 Melee Attacks . | . . Impact . | . . Slashing . | . . Piercing . | . . Sneak Attacks . | . . Combat Hostiles . | . . Follow-up Attacks . | . . Damage Inflicted 935 | . 935 Guns 905 | . 905 Cannons . | . . Explosions . | . . Melee . | . . Ramming 30 | . 30 Kinetic . | . . Thermal 551 | . 551 Explosive . | . . Electromagnetic 354 | . 354 Impact . | . . Slashing . | . . Piercing . | . . Highest Corruption . | . . Average Corruption . | . . Corruption Purged . | . . Corruption Blocked . | . . Overload Shots . | . . Overflow Damage . | . . Projectiles . | . . Explosions . | . . Melee . | . . Knockbacks . | . . Impact . | . . Kinetic . | . . Secondary . | . . Self-Inflicted Damage . | . . Shots . | . . Rammed 7 | . 7 Targets Rammed 9 | . 9 Kicked . | . . Crushed 2 | . 2 Highest Temperature 315 | . 315 Average Temperature 99 | . 99 Received Heat Transfer 294 | . 294 Effects 2 | . 2 Interference 2 | . 2 Siege Activations . | . . Martial Activations . | . . Shielding Activations . | . . Robots Disrupted . | . . Combat Hostiles . | . . Robots Corrupted . | . . Combat Hostiles . | . . Parts Fried . | . . Impact Corruptions . | . . Robots Melted . | . . Combat Hostiles . | . . Parts Melted 4 | . 4 Heat Transferred 2146 | . 2146 Parts Sabotaged . | . . Parts Stolen . | . . Parts Stripped . | . . Power Chain Reactions . | . . Alert | -11 -10 ------- Run | Yrd Mat Maximum Alert Level 1 | . 1 Low Security (%) 78 | 100 75 Level 1 21 | . 24 Level 2 . | . . Level 3 . | . . Level 4 . | . . Level 5 . | . . High Security . | . . Max Security . | . . Peak Influence 244 | . 244 Initial . | . . Average 119 | . 133 Influence Increases 554 | . 554 Destroy 0b10 Robot/C 320 | . 320 Destroy 0b10 Robot/NC 35 | . 35 Destroy Leader 78 | . 78 Successful Hack 16 | . 16 Select Force Hacks 30 | . 30 Disable Machine 30 | . 30 Lose Combat Pursuer 45 | . 45 Influence Decreases 352 | . 352 Time Decay 322 | . 322 Lost Part 30 | . 30 Squads Dispatched 3 | . 3 Investigation 3 | . 3 Extermination . | . . Reinforcement . | . . Assault . | . . Garrison . | . . Intercept . | . . Searches Triggered . | . . Construction Impeded . | . . Haulers Reinforced . | . . Active Scanning Responses . | . . Cargo Convoy Interrupts . | . . Stealth | -11 -10 --------- Run | Yrd Mat Distress Signals . | . . Communications Jammed . | . . Distress Signals . | . . Times Spotted 23 | . 23 Peak Tracking Total 4 | . 4 Tactical Retreats 2 | . 2 Traps | -11 -10 ------- Run | Yrd Mat Traps Triggered . | . . Indirectly . | . . Trap Hack Attempts . | . . Triggered . | . . Disarmed . | . . Reprogrammed . | . . Reused . | . . Traps Extracted . | . . Installed . | . . Triggered . | . . Machines | -11 -10 ---------- Run | Yrd Mat Machines Disabled 2 | . 2 Max in Single Turn 1 | . 1 Machines Repaired . | . . Machines Dismantled . | . . Machines Sabotaged . | . . Overloaded Fab Kills . | . . Hacking | -11 -10 --------- Run | Yrd Mat Machines Accessed 4 | . 4 Terminals 3 | . 3 Fabricators . | . . Repair Stations . | . . Recycling Units 1 | . 1 Scanalyzers . | . . Garrison Access . | . . Total Hacks 16 | . 16 Successful 7 | . 7 Failed 9 | . 9 Catastrophic 1 | . 1 Database Lockouts . | . . Manual 16 | . 16 Terminals 15 | . 15 Fabricators . | . . Repair Stations . | . . Recycling Units 1 | . 1 Scanalyzers . | . . Garrison Access . | . . Terminal Hacks 3 | . 3 Part Schematic 1 | . 1 Robot Analysis 2 | . 2 Fabricator Hacks . | . . Repair Station Hacks . | . . Recycling Unit Hacks . | . . Scanalyzer . | . . Garrison Access Hacks . | . . Unauthorized Hacks 4 | . 4 Terminals 3 | . 3 Botnet 3 | . 3 Fabricators . | . . Repair Stations . | . . Recycling Units 1 | . 1 Tunnel 1 | . 1 Scanalyzers . | . . Garrison Access . | . . Data Cores Recovered . | . . Used . | . . Hacking Detections 3 | . 3 Full Trace Events 3 | . 3 Feedback Events . | . . Feedback Blocked . | . . Robot Schematics Acquired . | . . Robots Built . | . . Authchips . | . . Time . | . . Total Robot Build Rating . | . . Part Schematics Acquired 1 | . 1 Parts Built . | . . Authchips . | . . Time . | . . Total Part Build Rating . | . . Part Studies Acquired . | . . Parts Repaired . | . . Time . | . . Parts Recycled . | . . Recycled Matter . | . . Retrieved Matter . | . . Retrieved Components . | . . Parts Scanalyzed . | . . Part Schematics Acquired . | . . Parts Damaged . | . . Bothacking | -11 -10 ------------ Run | Yrd Mat Used RIF Installer . | . . Robots Hacked . | . . Non-combat . | . . Combat . | . . Robot Hacks Applied . | . . Relay Couplers Released . | . . Fabnet Peak Effective % . | . . Robots Rewired . | . . Allies Hacked . | . . Hacks Repelled . | . . Allies | -11 -10 -------- Run | Yrd Mat Total Allies . | . . Largest Group . | . . Highest-Rated Group . | . . Highest-Rated Ally . | . . Total Orders . | . . Ally Attacks . | . . Total Damage . | . . Kills . | . . Allies Corrupted . | . . Allies Melted . | . . Intel | -11 -10 ------- Run | Yrd Mat Active Infowar (turns) . | . . Robot Analysis Total 2 | . 2 Derelict Logs Recovered . | . . Drone Launches . | . . Drone Recoveries . | . . Exploration | -11 -10 ------------- Run | Yrd Mat Turns Passed 893 | 90 803 Spaces Moved 315 | 51 264 Core 2 | 1 1 Treads 313 | 50 263 Legs . | . . Wheels . | . . Hover . | . . Flight . | . . Fastest Speed 50 | 50 160 Average Speed 212 | 157 222 Slowest Speed 1500 | 160 1500 Overloaded Moves . | . . Propulsion Burnouts . | . . Robots Hopped . | . . Potential Cave-ins . | . . Cave-ins Triggered . | . . Exploration Rate (%) 30 | 3 58 Regions Visited 1 Branch Regions . Pre-discovered Areas 1 | . 1 Known Exits Taken . | . . Unknown Exits Taken 1 | 1 . Scrap Searched . | . . Spaces Dug . | . . Terrain Destroyed . | . . Melee . | . . Projectile . | . . AOE . | . . Terrain Rammed . | . . Walls Destroyed . | . . Machines Disabled . | . . Actions | -11 -10 --------- Run | Yrd Mat Total 413 | 58 355 Wait 13 | . 13 Move 314 | 50 264 Hop . | . . Pick Up 9 | 2 7 Fast Attach 7 | 6 1 Attach 2 | . 2 Detach . | . . Swap 2 | . 2 Drop . | . . Fire 57 | . 57 Melee . | . . Ram . | . . Kick . | . . Crush 9 | . 9 Escape Stasis . | . . Rewire . | . . Trap . | . . Miscellaneous . | . . Route ------- -11/Scrapyard -10/Materials (discovered 3 exits: [*Mat] / [*Min x2]) History --------- Turn | Location | Event 8 | -11/Scrapyard | Discovered new exit (range 16) 91 | -11/Scrapyard | Entered Materials 288 | -10/Materials | Discovered new exit (range 3) 289 | -10/Materials | Discovered new exit (range 7) 314 | -10/Materials | Build established: Mutant 519 | -10/Materials | Discovered new exit (range 6) 791 | -10/Materials | Derelicts attacked the area 827 | -10/Materials | Core integrity fell below 50% 846 | -10/Materials | Core integrity fell below 20% 894 | -10/Materials | Destroyed by S-10 Pest with Light Assault Rifle Last Messages --------------- DISCOVERED[-5/Factory] 00768_ ALERT: Suspicious activity at Recycling Unit M002. Dispatching Investigation squad. 00791_ ALERT: Derelict incursion detected, dispatching patrols to target area. 00793_ G-34 Mercenary suffers critical hit (Burn). 00796_ G-34 Mercenary destroyed. 00802_ G-34 Mercenary suffers critical hit (Burn). 00809_ G-34 Mercenary overheating. 00820_ G-34 Mercenary heat short circuits Aluminum Leg. 00821_ Overheating: System interference. 00821_ Med. Laser temporarily disabled. 00825_ Slammed into G-34 Mercenary. 00836_ K-01 Serf collects debris. 00838_ Aluminum Leg melted. 00838_ G-34 Mercenary destroyed. 00845_ Nuclear Reactor explodes. 00845_ Lgt. Treads destroyed. 00877_ K-01 Serf cleans the Nuclear Reactor. 00893_ K-01 Serf collects debris. Map ----- +----------------------------------------------------+ | ????????????????????????????????????????????? | | ????????????????????????????????????????????? | | ????????????????????????????????????????????? | | ????????????????????????????????????????????? | | ????????????????????????????????????????????? | | ????????????????????????????????????????????? | | ????????????????????????????????????????????? | | ????????????????????????????????????????????? | | ????????????????????????????????????????????? | | ????????????????????????????????????????????? | | ????????????????????????????????????????????? | | ????????????????????????????????????????????? | | ######?????########?????????????????????????? | | T #???### #?????????????????????????? | | "" #???#"" ! #???############# ???????? | | "" #???#"Y #???# s???????? | | "" #???#"" #???# s ??????? | | #???### #???# t s ???????? | | "" ####### #???# /// ????????? | | "" # ##+#####???# /// #?????????? | | "" # #?????# /// #?????????? | | # #?????# #?????????? | | ###### #####?# #?????????? | | ?????# = #?# #?????????? | | ?????## [ ### #?????????? | | ####### = @ +?????????? | | # k k #?????????? | | " """ # """ """ """ #### #?????????? | | " """ # """ """ """ #??????????????? | | " """ # """ """ """ #??????????????? | | " """ #= #??????????????? | | " """%+ #??????????????? | | [# #??????????????? | | ####### ## % #??????????????? | | " #""" # % #??????????????? | | "" #" # #??????????????? | | "" #"! ### ^ #??????????????? | | "" #"" < #?# ###############??????????????? | | " #"! #?# #????? ?????????????????????? | | ]#" #?" #????????????????????????????? | | #""" #?# #????????????????????????????? | | | #### ####+######???????????????????????? | | ####### # =%% #???????????????????????? | | %+% "" """ #???????????????????????? | | # """ """ +???????????????????????? | | !! # """ """ #???????????????????????? | | "" ^!!! # #???????????????????????? | | "" ^! # ????????????????????????? | | "" # #???????????????????????? | | " ^ # #???????????????????????? | +----------------------------------------------------+ Best States ------------- Heat Dissipation 25 Energy Generation 10 Energy Capacity 250 Matter Stores 300 Matter Capacity 300 Sight Range 16 Terrain Scan Density 10 Propulsion Shielding 33 Evasion (%) 40 Recoil Reduction 2 Item Schematics ----------------- Hcp. Storage Unit | -10/Materials | Hacked Robot Schematics ------------------ None Fabricated ------------ Nothing Repaired ---------- Nothing Studied --------- None Alien Tech Used ----------------- None Achievements -------------- None Challenges ------------ None Game ------ Seed MasterVisualDiverter Manual? 0 Play Time 00:08:34 Cumulative 385.4 hours Start 2025.12.07 @ 16:57:31 End 2025.12.07 @ 17:28:29 Sessions 1 Manual Loads 0 Difficulty Rogue Special Mode None Game No. 395 Rogue 391 Adventurer 3 Explorer 1 Win Type - Total 5 Types 4/0/1/0/0/0/0/0/0/0 Lore% 85 Gallery% 80 Achievement% 68 Wizard Run 0 Options --------- Layout 0 ASCII 0 Keyboard 0 Movement Numpad Keybinds 0 Fullscreen 2 Font 18/SmallcapsGlow Map View 76x50 Zoom Use 0% Tactical HUD 1 Map Filters NONE Filters NONE Steam 1 RUN: fda03841-dadb-44e4-9622-638d340c4335